 Dungeon Crawl Stone Soup version 0.22-a0-410-g97be04f (webtiles) character file.

45 Serpenta the Slasher (level 3, 0/26 HPs)
             Began as a Barachi Chaos Knight on May 11, 2018.
             Slain by an adder (3 damage)
             ... on level 2 of the Dungeon.
             The game lasted 00:02:32 (1368 turns).

Serpenta the Slasher (Barachi Chaos Knight)         Turns: 1368, Time: 00:02:32

Health: 0/26       AC:  3    Str: 13    XL:     3   Next: 64%
Magic:  3/3        EV: 11    Int: 12    God:    Xom [......]
Gold:   46         SH:  3    Dex: 12    Spells: 2/2 levels left

rFire    . . .     SeeInvis .   a - +0 falchion (chaos)
rCold    . . .     Gourm    .   (no shield)
rNeg     . . .     Faith    .   b - +2 leather armour
rPois    .         Spirit   .   (helmet restricted)
rElec    .         Reflect  +   (no cloak)
rCorr    .         Harm     .   (no gloves)
MR       .....                  (no boots)
Stlth    +.........             o - +3 amulet of reflection
HPRegen  0.08/turn              (no ring)
MPRegen  0.08/turn              (no ring)

@: lethally poisoned (0 -> -7), drained, slow
A: +LOS, swims, antennae 1, deformed body, frail 1, slowness 1, strong legs 1
a: Hop, Renounce Religion


You were on level 2 of the Dungeon.
You worshipped Xom.
You were a very special plaything of Xom.
You were not hungry.

You visited 1 branch of the dungeon, and saw 2 of its levels.

You collected 46 gold pieces.


Innate Abilities, Weirdness & Mutations

Shadows flee at your approach. (+LOS)
You can swim through water.
You cover ground slowly.
You can hop short distances.
You have a pair of small antennae on your head.
Armour fits poorly on your strangely shaped body.
You are frail. (-10% HP)


   Skills:
 - Level 3.6(3.0) Fighting
 + Level 5.5(4.8) Long Blades
 - Level 2.4(1.8) Armour
 - Level 1.1(0.5) Dodging


You had 2 spell levels left.
You didn't know any spells.

Action                   || total
-------------------------++-------
Melee: Falchion          ||    87
  Use: Scroll            ||     1
       Potion            ||     2
 Stab: Sleeping          ||     1
  Eat: Chunk             ||     2
Armor: Leather armour    ||    37
Dodge: Dodged            ||    47
Block: Other             ||     1
       Rpst.: Falchion   ||    14

Inventory:

Hand Weapons
 a - a +0 falchion of chaos (weapon)
Armour
 b - a +2 leather armour (worn)
 k - a +0 helmet
Jewellery
 o - a +3 amulet of reflection (around neck)
Wands
 p - a wand of flame (23)
Scrolls
 e - a scroll of fog {unknown}
 f - 2 scrolls of fear {unknown}
 g - a scroll of random uselessness {unknown}
 i - 2 scrolls of remove curse
 l - a scroll of teleportation {unknown}
 m - 2 scrolls of identify {unknown}
 n - a scroll of enchant armour {unknown}
Potions
 h - a potion of invisibility {unknown}
Comestibles
 c - 5 rations
 j - 2 chunks of flesh {@w1}

.##.## ##....>..## ##.....###
.#...####.......).####..#.#...#
........'..)............._..#.#
.#...####..####.####.#..#.###.#
....## #..##.....##.##...# #.#
##.## #..#.......#.##.### #.#
#.# #..#.......#.##.#####.# #.#
##....._.....##.......# #.#
#.#....@..#..#.....### #.#
..#....{..#..###.### .#
..##.....##...†..#
###.####....### ........##.#
......#..##.# .#.##. ##.##.#
.... ..##.# .## .....#


There were no monsters in sight!

Vanquished Creatures
  An adder (D:2)
  2 worms (D:2)
  A leopard gecko (D:2)
  5 bats
  4 goblins
  2 hobgoblins (D:2)
  4 jackals (D:1)
  3 kobolds
  A ball python (D:1)
  A frilled lizard (D:2)
  4 rats
28 creatures vanquished.

Vault maps used:
D:1:      doesnt_arrival_eight_statues
D:2:      lemuel_crystal_altar, old_standard_altar, okawaru_trees_2


Message History

Something bites you but does no damage.
You miss something.
You feel sick. Something bites you.
* * * LOW HITPOINT WARNING * * *
You are lethally poisoned!
Something poisons you!
You feel better. Something bites you but does no damage. Something bites you.
* * * LOW HITPOINT WARNING * * *
You are poisoned.
Something poisons you!
You closely miss something.
* * * LOW HITPOINT WARNING * * *
You feel sick. Something bites you.
* * * LOW HITPOINT WARNING * * *
You are more poisoned.
Something poisons you!
You miss something.
* * * LOW HITPOINT WARNING * * *
You feel sick. Something bites you.
You die... "Boring in life, boring in death..."

Notes
Turn   | Place    | Note
-------+----------+-------------------------------------------
     0 | D:1      | Serpenta the Barachi Chaos Knight began the quest for the Orb.
     0 | D:1      | Reached XP level 1. HP: 18/18 MP: 1/1
    10 | D:1      | XOM: harmless Hex miscast
    85 | D:1      | Reached skill level 4 in Long Blades
   118 | D:1      | XOM: draining
   187 | D:1      | Reached XP level 2. HP: 17/24 MP: 2/2
   208 | D:1      | XOM: 2-stop teleportation journey
   222 | D:1      | XOM: give mutations
   222 | D:1      | Gained mutation: You are agile. (Dex +2) [Xom's mischief]
   222 | D:1      | Gained mutation: You are frail. (-10% HP) [Xom's mischief]
   642 | D:2      | Reached XP level 3. HP: 26/26 MP: 3/3
   652 | D:2      | Found an iron altar of Okawaru.
   654 | D:2      | Reached skill level 5 in Long Blades
   765 | D:2      | XOM: 3-stop teleportation journey
   785 | D:2      | XOM: mild Chrm miscast
   934 | D:2      | XOM: give mutations
   934 | D:2      | Gained mutation: Armour fits poorly on your strangely shaped body. [Xom's mischief]
   934 | D:2      | Gained mutation: You have a pair of small antennae on your head. [Xom's mischief]
   934 | D:2      | Lost mutation: You are agile. (Dex +2) [Xom's mischief]
   972 | D:2      | XOM: give mutations
   972 | D:2      | Gained mutation: Your body sometimes deteriorates upon taking damage. [Xom's mischief]
   972 | D:2      | Lost mutation: Your body sometimes deteriorates upon taking damage. [Xom's mischief]
  1177 | D:2      | Found a glowing silver altar of Zin.
  1192 | D:2      | XOM: medium Tmut miscast
  1327 | D:2      | XOM: harmless Pois miscast
  1343 | D:2      | Found a hazy altar of Hepliaklqana.
  1368 | D:2      | Slain by an adder
